 Dungeon Crawl Stone Soup version 0.29-a0-1047-g7c58e119a4 (webtiles) character file.

Game seed: 1498191106065316445

12158 siradein the Grappler (level 11, -1/115 HPs)
             Began as a Troll Monk on Aug 16, 2022.
             Was a High Priest of Makhleb.
             Slain by a six-headed hydra (11 damage)
             ... on level 10 of the Dungeon.
             The game lasted 00:20:05 (7962 turns).

siradein the Grappler (Troll Monk)                  Turns: 7962, Time: 00:20:06

Health: -1/115     AC:  9    Str: 27    XL:     11   Next: 58%
Magic:  15/15      EV: 12    Int:  6    God:    Makhleb [*****.]
Gold:   489        SH:  5    Dex: 16    Spells: 10/10 levels left

rFire   . . .      SeeInvis .     - Unarmed
rCold   . . .      Faith    .   (no shield)
rNeg    . . .      Spirit   .   r - +0 troll leather armour
rPois   .          Reflect  +   (helmet restricted)
rElec   .          Harm     .   o - +1 cloak {Stlth+}
rCorr   .          Rampage  .   (gloves unavailable)
Will    +....                   (boots unavailable)
Stlth   +++.......              w - amulet of reflection
HPRegen 1.89/turn               q - ring of willpower
MPRegen 0.14/turn               C - +6 ring of strength

@: hasted, very quick
A: large, unfitting armour, claws 3, regeneration 1, shaggy fur 1, tough skin 1
a: Renounce Religion, Minor Destruction, Lesser Servant of Makhleb, Major
Destruction, Greater Servant of Makhleb


You were on level 10 of the Dungeon.
You worshipped Makhleb.
Makhleb was extremely pleased with you.
You visited 2 branches of the dungeon, and saw 11 of its levels.

You collected 489 gold pieces.

Inventory:

Missiles
 f - 2 throwing nets
Armour
 o - a +1 cloak of stealth (worn)
 r - a +0 troll leather armour (worn)
 G - +0 steam dragon scales
Jewellery
 g - an amulet of magic regeneration
 q - a ring of willpower (left claw)
 w - an amulet of reflection (around neck)
 C - a +6 ring of strength (right claw)
 H - a ring of willpower
Wands
 n - a wand of flame (13)
 F - a wand of charming (11)
Scrolls
 d - a scroll of acquirement {unknown}
 e - 2 scrolls of torment {unknown}
 h - 3 scrolls of immolation {unknown}
 i - 3 scrolls of enchant armour {unknown}
 j - 8 scrolls of vulnerability {unknown}
 k - a scroll of fear {unknown}
 l - a scroll of silence {unknown}
 s - 2 scrolls of magic mapping {unknown}
 x - 4 scrolls of teleportation {unknown}
 y - 2 scrolls of blinking {unknown}
 A - 2 scrolls of poison
 D - 4 scrolls of fog {unknown}
Potions
 a - 5 potions of attraction
 b - a potion of ambrosia
 c - 5 potions of haste
 m - 4 potions of curing
 p - a potion of resistance {unknown}
 t - 2 potions of heal wounds {unknown}
 u - 4 potions of brilliance
 v - 2 potions of mutation {unknown}
 z - 3 potions of might
 B - a potion of berserk rage {unknown}
 E - a potion of flight
 I - a potion of cancellation {unknown}


   Skills:
 + Level 9.1 Fighting
 + Level 4.9 Armour
 + Level 5.6 Dodging
 - Level 1.0 Stealth
 + Level 10.9 Unarmed Combat
 + Level 7.0 Invocations


You had 10 spell levels left.
You didn't know any spells.
Your spell library contained the following spells:

 Spells                   Type           Power      Damage    Failure   Level
 Apportation              Tloc           0%         N/A       50%         1
 Necrotise                Necr           0%         1d4       50%         1
 Summon Small Mammal      Summ           0%         N/A       50%         1
 Gell's Gravitas          Tloc           0%         N/A       86%         3
 Ignite Poison            Fire/Tmut/Pois 0%         N/A       86%         3
 Inner Flame              Hex/Fire       0%         N/A       86%         3
 Lesser Beckoning         Tloc           0%         N/A       86%         3
 Mephitic Cloud           Conj/Pois/Air  0%         N/A       86%         3
 Stone Arrow              Conj/Erth      0%         3d7       86%         3
 Teleport Other           Tloc           0%         N/A       86%         3
 Animate Armour           Summ/Erth      0%         N/A       99%         4
 Cause Fear               Hex            0%         N/A       99%         4
 Fulminant Prism          Conj/Hex       0%         3d6       99%         4
 Iskenderun's Mystic Bla  Conj/Tloc      0%         2d3       99%         4
 Freezing Cloud           Conj/Ice/Air   0%         6-21      100%        5
 Lee's Rapid Deconstruct  Erth           0%         3d5*      100%        5
 Discord                  Hex            0%         N/A       100%        8
 Lehudib's Crystal Spear  Conj/Erth      0%         10d2      100%        8


Dungeon Overview and Level Annotations

Branches:
Dungeon (10/15)            Temple (1/1) D:5             Orc (0/2) D:9
   Lair: D:8-11

Altars:
Ashenzari
Cheibriados
Dithmenos
Elyvilon
Fedhas
Gozag
Hepliaklqana
Kikubaaqudgha
Makhleb
Nemelex Xobeh
Okawaru
Qazlal
Ru
Sif Muna
Trog
Uskayaw
Vehumet
Wu Jian
Xom
Yredelemnul
Zin
The Shining One

Shops:
D:3 (   D:5 (   D:9 *

Annotations:
D:10 Urug


Innate Abilities, Weirdness & Mutations

You are too large for most types of armour.
You have claws for hands.
Your natural rate of healing is unusually fast.
You are covered in fur. (AC +1)
You have tough skin. (AC +1)


Message History

A six-headed hydra is nearby!
Okay, then.
There is an open door here.
There is an open door here.
There is an open door here.
There is an open door here.
There is an open door here.
The six-headed hydra attacks as you move away!
The six-headed hydra bites you but does no damage.
The six-headed hydra bites you! x2; The six-headed hydra bites you.
The six-headed hydra bites you but does no damage.
The six-headed hydra bites you.
Things that are here:
a +0 short sword; a +0 chain mail; an orc corpse A demon appears!
The six-headed hydra bites you! The six-headed hydra bites you.
The six-headed hydra bites you! The six-headed hydra bites you. x2
The six-headed hydra completely misses you.
The six-headed hydra attacks as you move away!
The six-headed hydra misses you. The six-headed hydra bites you!
The six-headed hydra bites you but does no damage.
The six-headed hydra barely misses you.
The six-headed hydra bites you but does no damage.
The six-headed hydra bites you!
Your neqoxec hits the six-headed hydra.
The six-headed hydra attacks as you move away!
The six-headed hydra bites you! The six-headed hydra barely misses you.
The six-headed hydra bites you!
* * * LOW HITPOINT WARNING * * *
The six-headed hydra bites you.
* * * LOW HITPOINT WARNING * * *
The six-headed hydra bites you.
* * * LOW HITPOINT WARNING * * *
You block the six-headed hydra's attack.
You feel yourself speed up. The six-headed hydra bites you.
* * * LOW HITPOINT WARNING * * *
The six-headed hydra bites you!
* * * LOW HITPOINT WARNING * * *
The six-headed hydra bites you!
You die...

#......# #......# #####'## #.>.#
##'#### ########### #.....#
##.......[)#######.....#
#########......)..))))..##.....#
........#..))).D@.)####.##.....##
...........)...3...# #..#.....##
.........#.).......# ##.#.....##
.........#.........# #.#.....'.
....._..#######.#### #.'.....##
###'##### #....# ###.....# #..#
#.#### ###'### #.## ###+########
#.# #.# #..........### #.##


You could see a six-headed hydra (ally target) and a friendly neqoxec
(summoned).

Vanquished Creatures
  A boulder beetle (D:9)
  A two-headed ogre (D:8)
  An ugly thing (D:9)
  An orange demon (D:9)
  2 efreet (D:9)
  5 trolls
  Prince Ribbit (D:7)
  2 vampires (D:9)
  Sigmund (D:2)
  18 yaks
  2 wyverns (D:9)
  2 steam dragons
  3 water moccasins
  2 ice beasts
  A sky beast (D:6)
  6 orc warriors
  A black bear (D:7)
  4 ogres
  2 centaurs
  A phantom (D:5)
  4 kobold brigands
  3 bullfrogs
  2 necrophages
  3 scorpions
  16 killer bees
  6 howler monkeys
  Crazy Yiuf (D:2)
  A gnoll bouda (D:7)
  3 hounds
  5 orc priests
  Jessica (D:2)
  4 iguanas
  6 orc wizards
  10 gnolls
  4 adders
  A shadow imp (D:5)
  2 white imps
  3 worms
  A dart slug (D:3)
  48 orcs
  A bat (D:2)
  4 endoplasms
  3 giant cockroaches
  5 goblins
  9 hobgoblins
  7 jackals
  28 kobolds
  4 quokkas
  11 ball pythons
  5 frilled lizards
  5 rats
263 creatures vanquished.

Vanquished Creatures (collateral kills)
  Amaemon (D:9)
1 creature vanquished.

Grand Total: 264 creatures vanquished

Notes
Turn   | Place    | Note
-------+----------+-------------------------------------------
     0 | D:1      | siradein the Troll Monk began the quest for the Orb.
     0 | D:1      | Reached XP level 1. HP: 22/22 MP: 0/0
   135 | D:1      | Reached XP level 2. HP: 25/29 MP: 1/1
   307 | D:1      | Found a faded altar of an unknown god.
   676 | D:2      | Reached XP level 3. HP: 37/37 MP: 2/2
   728 | D:2      | Noticed Sigmund
   746 | D:2      | Killed Sigmund
   747 | D:2      | Reached skill level 4 in Unarmed Combat
   747 | D:2      | Reached XP level 4. HP: 27/48 MP: 3/3
   747 | D:2      | Reached XP level 5. HP: 31/54 MP: 4/4
   824 | D:2      | Found a blossoming altar of Fedhas.
  1125 | D:2      | Noticed Jessica
  1127 | D:2      | Killed Jessica
  1128 | D:2      | Reached skill level 5 in Unarmed Combat
  1411 | D:2      | Found a runed translucent door.
  1412 | D:2      | Noticed Crazy Yiuf
  1551 | D:2      | Killed Crazy Yiuf
  1552 | D:2      | Reached XP level 6. HP: 51/62 MP: 5/5
  1630 | D:3      | Found Lanaip's Weapon Shop.
  1838 | D:3      | Found an opulent altar of Gozag.
  1839 | D:3      | Found an opulent altar of Gozag.
  1850 | D:3      | Found an opulent altar of Gozag.
  1884 | D:3      | Found an opulent altar of Gozag.
  2473 | D:4      | Reached skill level 6 in Unarmed Combat
  2906 | D:5      | Entered Level 5 of the Dungeon
  2964 | D:5      | Reached skill level 5 in Fighting
  2964 | D:5      | Reached XP level 7. HP: 72/72 MP: 6/6
  3050 | D:5      | Found a bloodstained altar of Trog.
  3142 | D:5      | Reached skill level 7 in Unarmed Combat
  3198 | D:5      | Found a sacrificial altar of Ru.
  3213 | D:5      | Found a staircase to the Ecumenical Temple.
  3221 | D:5      | Reached XP level 8. HP: 80/83 MP: 7/7
  3233 | Temple   | Entered the Ecumenical Temple
  3340 | Temple   | Became a worshipper of Makhleb the Destroyer
  3340 | Temple   | Reached * piety under Makhleb
  3340 | Temple   | Reached ** piety under Makhleb
  3468 | D:5      | Found Geigun's Antique Weapon Boutique.
  3865 | D:6      | Reached skill level 1 in Invocations
  4036 | D:6      | Reached skill level 8 in Unarmed Combat
  4456 | D:7      | Reached XP level 9. HP: 93/93 MP: 10/10
  4544 | D:7      | Reached *** piety under Makhleb
  4599 | D:7      | Noticed Prince Ribbit
  4624 | D:7      | Killed Prince Ribbit
  4695 | D:7      | Found a sparkling altar of Nemelex Xobeh.
  4858 | D:7      | Reached skill level 9 in Unarmed Combat
  5145 | D:8      | Reached skill level 1 in Armour
  5220 | D:8      | Reached skill level 5 in Invocations
  5291 | D:8      | Reached XP level 10. HP: 104/104 MP: 12/12
  5392 | D:8      | Identified the +0 robe of Qukeustrac {Slay+3 Stlth+}
  5394 | D:8      | Found a basalt altar of Yredelemnul.
  5396 | D:8      | Noticed a profane servitor
  5544 | D:8      | Found a glowing silver altar of Zin.
  5544 | D:8      | Noticed an angel
  5664 | D:8      | Noticed a two-headed ogre
  5679 | D:8      | Killed a two-headed ogre
  5871 | D:8      | Found a hazy altar of Hepliaklqana.
  5880 | D:8      | Found a white marble altar of Elyvilon.
  6070 | D:8      | Found a shadowy altar of Dithmenos.
  6110 | D:8      | Found a glowing golden altar of the Shining One.
  6112 | D:8      | Noticed an angel
  6202 | D:9      | Noticed Amaemon
  6221 | D:9      | Noticed an orange demon
  6227 | D:9      | Killed Amaemon
  6232 | D:9      | Killed an orange demon
  6233 | D:9      | Reached skill level 10 in Unarmed Combat
  6617 | D:9      | Found Patomuydgh's Assorted Antiques.
  6665 | D:9      | Found a staircase to the Orcish Mines.
  6688 | D:9      | Identified the +0 robe of the Devil's Team {rF++ Will-}
  6699 | D:9      | Reached **** piety under Makhleb
  6887 | D:9      | Reached XP level 11. HP: 55/113 MP: 14/14
  7168 | D:9      | Noticed a boulder beetle
  7184 | D:9      | Killed a boulder beetle
  7187 | D:9      | Reached skill level 5 in Dodging
  7187 | D:9      | Noticed a green ugly thing
  7206 | D:9      | Killed a green ugly thing
  7310 | D:9      | Identified the +3 dagger "Riteulut" {vorpal, rPois}
  7389 | D:10     | Entered Level 10 of the Dungeon
  7389 | D:10     | Noticed Urug
  7812 | D:10     | Reached ***** piety under Makhleb
  7926 | D:10     | Noticed a six-headed hydra
  7962 | D:10     | Slain by a six-headed hydra

Illustrated notes

Levels and vault maps discovered:
D:1:      heliophobic_arrival_dark_side_of_the_moon, layout_basic,
          dreamdust_ecumenical_altar_angels_and_demons, minmay_misc_feat_doors
D:2:      layout_basic, basic_altar, uniq_crazy_yiuf_cottage, uniq_jessica,
          uniq_sigmund
D:3:      layout_loops_ring, nicolae_gozag_conspicuous_consumption,
          serial_shops, nicolae_diamond_shop
D:4:      layout_loops_ring
D:5:      layout_basic, marbit_many_paths, lemuel_tele_altar,
          minmay_temple_entry_junction, serial_shops, shop
D:6:      cheibrodos_quashed, layout_basic
D:7:      layout_rooms, lemuel_doored_altar, uniq_prince_ribbit1
D:8:      layout_loops_ring, nicolae_dithmenos_through_a_glass_darkly,
          grunt_temple_overflow_holy_war, zin_angel, mainiacjoe_overflow_swirl,
          minmay_fractal_squares_5
D:9:      minmay_blocky_corners, layout_irregular_city, orc_0_dummy,
          serial_shops, nicolae_shop_behind_doors, kennysheep_generic_room_15,
          uniq_amaemon
D:10:     layout_roguey [special_room_orc], serial_shops,
          nicolae_lakefront_shop, uniq_urug
Temple:   nicolae_temple_godzebo

Skill      XL: |  1  2  3  4  5  6  7  8  9 10 11 |
---------------+----------------------------------+-----
Fighting       | 3 4 5 6 7 8 9 |  9.1
Unarmed Combat | 4 5 6 7 8 9 10 | 10.9
Invocations    | 3 5 6 7 |  7.0
Armour         | 2 3 4 |  4.9
Dodging        | 3 4 5 |  5.6
Stealth        | |  1.0

Action                   |  1- 3 |  4- 6 |  7- 9 | 10-12 || total
-------------------------+-------+-------+-------+-------++-------
Melee: Unarmed           |    78 |   140 |   282 |   314 ||   814
       Punch             |     1 |     3 |    20 |    19 ||    43
Invok: Lesser Servant of |       |       |       |     2 ||     2
       Minor Destruction |       |       |       |    22 ||    22
  Use: Scroll            |       |     3 |     3 |     3 ||     9
       Potion            |       |       |       |     1 ||     1
 Stab: Sleeping          |     3 |     7 |     6 |     1 ||    17
       Distracted        |       |       |       |     1 ||     1
Armor: Robe              |    25 |    36 |    63 |       ||   124
       Steam dragon scal |       |       |     6 |    38 ||    44
       Troll leather arm |       |       |       |    65 ||    65
Dodge: Dodged            |    32 |    52 |   107 |   197 ||   388
Block: Other             |       |       |    51 |    64 ||   115
       Reflection        |       |       |     1 |     3 ||     4

Table legend: (Time is in decaauts)
 A = Elapsed time spent in this place.
 B = Non-inter-level travel time spent in this place.
 C = Inter-level travel time spent in this place.
 D = Time resting spent in this place.
 E = Time spent auto-exploring this place.
 F = Levels seen in this place.
 G = Mean time per level.
                   A        B        C        D        E       F      G
               +--------+--------+--------+--------+--------+-----+--------+
         Total |   7837 |   7484 |    353 |      0 |   5828 |  11 |  712.5 |
       Dungeon |   7704 |   7389 |    315 |      0 |   5741 |  10 |  770.4 |
        Temple |    132 |     94 |     38 |      0 |     87 |   1 |  132.0 |
               +--------+--------+--------+--------+--------+-----+--------+

Top non-repeatable levels by time:
     D:9: 1199 daAuts
     D:8: 1085 daAuts
     D:2: 1043 daAuts
     D:6: 736 daAuts
     D:7: 671 daAuts
     D:4: 652 daAuts
     D:3: 638 daAuts
     D:5: 592 daAuts
     D:1: 551 daAuts
    D:10: 532 daAuts
  Temple: 132 daAuts
